 Dungeon Crawl Stone Soup version 0.30-a0-305-g026cb31310 (webtiles) character file.

Game seed: 5720931007145093630

86 scionoferis the Trooper (level 4, -3/29 HPs)
             Began as a Gargoyle Cinder Acolyte on Oct 21, 2022.
             Was a High Priest of Ignis.
             Killed from afar by Natasha (16 damage)
             ... with a bolt of dispelling energy
             ... on level 1 of the Dungeon.
             The game lasted 00:05:08 (1490 turns).

scionoferis the Trooper (Gargoyle Cinder Acolyte)   Turns: 1490, Time: 00:05:11

Health: -3/29      AC:  6    Str: 17    XL:     4   Next: 50%
Magic:  0/7        EV: 11    Int: 15    God:    Ignis [*****.]
Gold:   31         SH:  0    Dex:  7    Spells: 5/7 levels left

rFire   + . .      SeeInvis .    a - -1 mace (flame)
rCold   . . .      Faith    .    (no shield)
rNeg    + . .      Spirit   .    j - +0 leather armour
rPois   ∞          Reflect  .    (no helmet)
rElec   +          Harm     .    (no cloak)
rCorr   .          Rampage  .    (no gloves)
Will    .....                    (no boots)
Stlth   +.........               (no amulet)
HPRegen 0.24/turn                (no ring)
MPRegen 0.10/turn                (no ring)

@: no status effects
A: sickness immunity, AC +3, negative energy resistance 1, electricity
resistance, torment resistance 1, petrification resistance
a: Renounce Religion, Fiery Armour, Foxfire Swarm, Rising Flame


You were on level 1 of the Dungeon.
You worshipped Ignis.
Ignis was extremely pleased with you.
You visited 1 branch of the dungeon, and saw 2 of its levels.

You collected 31 gold pieces.

Inventory:

Hand Weapons
 a - a -1 mace of flaming (weapon)
Missiles
 i - 5 javelins (quivered)
Armour
 j - a +0 leather armour (worn)
Magical Staves
 k - a staff of fire
Scrolls
 b - a scroll of identify {unknown}
 c - a scroll of magic mapping {unknown}
 f - 2 scrolls of enchant armour {unknown}
 g - a scroll of immolation {unknown}
 h - a scroll of blinking {unknown}
Potions
 d - 2 potions of resistance {unknown}
 e - a potion of flight {unknown}
 l - a potion of lignification {unknown}


   Skills:
 + Level 4.1 Fighting
 - Level 3.0 Maces & Flails
 + Level 1.5 Armour
 + Level 1.1 Dodging
 * Level 2.3 Spellcasting
 - Level 3.0 Fire Magic


You had 5 spell levels left.
You knew the following spells:

 Your Spells              Type           Power      Damage    Failure   Level
a - Scorch                Fire           20%        2d6       11%         2

Your spell library contained the following spells:

 Spells                   Type           Power      Damage    Failure   Level


Dungeon Overview and Level Annotations

Branches:
Dungeon (2/15)

Altars:

Annotations:
D:1 Natasha


Innate Abilities, Weirdness & Mutations

You are immune to sickness and miasma.
Your stone body is resilient. (AC +3)
You are immune to poison.
You resist negative energy. (rN+)
You are resistant to electric shocks. (rElec)
You are resistant to unholy torment.
You are immune to petrification.


Message History

Orders for allies: a - Attack new target. r - Retreat! s - Stop attacking. g - Guard the area. f - Follow me.
Anything else - Cancel.
Okay, then.
Unknown command.
Casting: Scorch (safe; 12% risk of failure)
Confirm with . or Enter, or press ? or * to list all spells.
Flames lash Natasha.
Natasha is moderately wounded.
Natasha's fire resistance burns away.
Casting: Scorch (safe; 12% risk of failure)
Confirm with . or Enter, or press ? or * to list all spells.
Flames lash Natasha.
Natasha is burned terribly!
Natasha is severely wounded.
Natasha closely misses you.
Casting: Scorch (safe; 12% risk of failure)
Confirm with . or Enter, or press ? or * to list all spells.
Flames lash Natasha.
Natasha is burned terribly!
You kill Natasha!
Natasha growls in agony!
You start resting.
Natasha, Servant of Life and Death comes into view.
She is carrying a wand of quicksilver (12).
Natasha zaps a wand.
The bolt of dispelling energy hits you!
Ouch! That really hurt!
There is an open door here.
Natasha casts a spell at you. You resist with some effort.
You close the door.
You start resting.
Natasha, Servant of Life and Death opens the door.
She is carrying a wand of quicksilver (11).
You close the door.
Natasha breaks down the door.
Casting: Scorch (safe; 11% risk of failure)
Confirm with . or Enter, or press ? or * to list all spells.
Flames lash Natasha.
Natasha is moderately wounded.
Natasha's fire resistance burns away.
Natasha zaps a wand.
The bolt of dispelling energy hits you!
Ouch! That really hurt!
You die...

#.# #.(.......... #.#
##.######.... #.# #.#
#.... #.# ##'## #.##. #.#
##...## #.... #.#
##.....## ####. ##.##
##.......## ##.
##...####.........####..
#....†.@'h........'.....
##...####.........####..
#..## ##.......## ##.
##.## ##.....## #.
##...## ##...## #.
##.....########'## ##
##.......##......########
#.........#.####........#
#.........#.# ##.######.#


You could see Natasha (combustible).

Vanquished Creatures
  Natasha (twice) (D:1)
  2 dart slugs (D:1)
  2 endoplasms (D:1)
  A giant cockroach (D:1)
  2 goblins (D:1)
  3 hobgoblins (D:1)
  2 jackals (D:1)
  6 kobolds (D:1)
  5 ball pythons
  3 bats
  4 frilled lizards (D:1)
  4 rats (D:1)
36 creatures vanquished.

Notes
Turn   | Place    | Note
-------+----------+-------------------------------------------
     0 | D:1      | scionoferis the Gargoyle Cinder Acolyte began the quest for
                  | the Orb.
     0 | D:1      | Reached XP level 1. HP: 14/14 MP: 2/2
   240 | D:1      | Reached XP level 2. HP: 10/19 MP: 3/3
   249 | D:1      | Learned a level 2 spell: Scorch
   528 | D:1      | Reached XP level 3. HP: 21/24 MP: 5/5
   993 | D:1      | Reached skill level 1 in Armour
  1058 | D:2      | Noticed Natasha
  1068 | D:1      | Killed Natasha
  1069 | D:1      | Reached skill level 4 in Fighting
  1069 | D:1      | Reached skill level 1 in Dodging
  1069 | D:1      | Reached XP level 4. HP: 13/29 MP: 2/7
  1478 | D:1      | Noticed Natasha
  1481 | D:1      | Killed Natasha
  1482 | D:1      | Noticed Natasha
  1490 | D:1      | Killed from afar by Natasha

Illustrated notes

Levels and vault maps discovered:
D:1:      amcnicky_arrival_single_pillar, layout_loops_corners
D:2:      layout_rooms, basic_altar, shapermc_ecumenical_altar_mp_vishouse,
          uniq_jessica, uniq_natasha, uniq_terence

Skill      XL: |  1  2  3 |
---------------+----------+-----
Armour         | 1 |  1.5
Fighting       | 4 |  4.1
Dodging        | 1 |  1.1
Spellcasting   | 2 |  2.3
Maces & Flails | |  3.0
Fire Magic     | |  3.0

Action                   |  1- 3 |  4- 6 || total
-------------------------+-------+-------++-------
Melee: Mace              |   107 |     1 ||   108
 Cast: Scorch            |     2 |     4 ||     6
Armor: Robe              |    32 |       ||    32
       Leather armour    |     7 |       ||     7
Dodge: Dodged            |    79 |     2 ||    81

Table legend: (Time is in decaauts)
 A = Elapsed time spent in this place.
 B = Non-inter-level travel time spent in this place.
 C = Inter-level travel time spent in this place.
 D = Time resting spent in this place.
 E = Time spent auto-exploring this place.
 F = Levels seen in this place.
 G = Mean time per level.
                   A        B        C        D        E       F      G
               +--------+--------+--------+--------+--------+-----+--------+
         Total |   1522 |   1493 |     29 |     89 |    744 |   2 |  761.0 |
       Dungeon |   1522 |   1493 |     29 |     89 |    744 |   2 |  761.0 |
               +--------+--------+--------+--------+--------+-----+--------+

Top non-repeatable levels by time:
     D:1: 1513 daAuts
     D:2: 9 daAuts
